 Dungeon Crawl Stone Soup version 0.30-a0-782-ge64f9170bb (webtiles) character file.

Game seed: 2184807173943608374

198 Dartaoz the Firebug (level 5, -3/29 HPs)
             Began as a Deep Elf Fire Elementalist on Feb 19, 2023.
             Slain by a black bear (5 damage)
             ... on level 4 of the Dungeon.
             The game lasted 00:08:33 (4189 turns).

Dartaoz the Firebug (Deep Elf Fire Elementalist)    Turns: 4189, Time: 00:08:33

Health: -3/29      AC:  2    Str:  5    XL:     5   Next: 47%
Magic:  5/12       EV: 12    Int: 22    God:
Gold:   146        SH:  0    Dex: 15    Spells: 8/11 levels left

rFire   . . .      SeeInvis .    e - +0 dagger
rCold   . . .      Faith    .    (no shield)
rNeg    . . .      Spirit   .    a - +0 robe
rPois   .          Reflect  .    (no helmet)
rElec   .          Harm     .    (no cloak)
rCorr   .          Rampage  .    (no gloves)
Will    .....                    (no boots)
Stlth   ++                       (no amulet)
HPRegen 0.24/turn                (no ring)
MPRegen 0.13/turn                (no ring)

@: about to teleport
A: no striking features
a: no special abilities


You were on level 4 of the Dungeon.
You visited 2 branches of the dungeon, and saw 5 of its levels.

You collected 146 gold pieces.

Inventory:

Hand Weapons
 c - a +0 sling
 e - a +0 dagger (weapon)
Armour
 a - a +0 robe (worn)
Wands
 s - a wand of flame (12)
 v - a wand of charming (3)
Scrolls
 d - a scroll of noise {unknown}
 h - 5 scrolls of identify {unknown}
 i - a scroll of fog {unknown}
 j - a scroll of blinking {unknown}
 k - a scroll of torment {unknown}
 l - a scroll of teleportation
 m - a scroll of silence {unknown}
 o - a scroll of vulnerability {unknown}
 q - a scroll of magic mapping {unknown}
 t - a scroll of amnesia {unknown}
 u - 2 scrolls of enchant armour {unknown}
 x - a scroll of enchant weapon {unknown}
Potions
 b - a potion of magic
 f - 4 potions of flight {unknown}
 g - a potion of degeneration {unknown}
 n - a potion of attraction {unknown}
 p - 2 potions of invisibility {unknown}
 r - a potion of ambrosia {unknown}
 w - a potion of curing {unknown}


   Skills:
 + Level 1.0 Fighting
 - Level 2.4 Dodging
 + Level 3.2 Stealth
 + Level 3.6 Spellcasting
 + Level 3.4 Conjurations
 + Level 1.5 Translocations
 + Level 4.7 Fire Magic


You had 8 spell levels left.
You knew the following spells:

 Your Spells              Type           Power      Damage    Failure   Level
a - Foxfire               Conj/Fire      84%        2x1d8     2%          1
b - Scorch                Fire           48%        2d7       2%          2

Your spell library contained the following spells:

 Spells                   Type           Power      Damage    Failure   Level
 Magic Dart               Conj           76%        1d6       2%          1
 Momentum Strike          Conj/Tloc      28%        3d8       6%          2
 Blink                    Tloc           20%        N/A       10%         2
 Lesser Beckoning         Tloc           20%        N/A       10%         2
 Inner Flame              Hex/Fire       14%        N/A       13%         3
 Kindle Blastsparks       Fire/Tloc/Air  26%        2d12      16%         3
 Call Imp                 Summ           4%         N/A       17%         2
 Mephitic Cloud           Conj/Pois/Air  9%         N/A       22%         3
 Flame Wave               Conj/Fire      21%        2d8       22%         4
 Borgnjor's Revivificati  Necr           2%         N/A       100%        8
 Necromutation            Tmut/Necr      2%         N/A       100%        8
 Death's Door             Necr           2%         N/A       100%        9


Dungeon Overview and Level Annotations

Branches:
Dungeon (4/15)             Temple (1/1) D:4

Altars:
Cheibriados
Elyvilon
Kikubaaqudgha
Nemelex Xobeh
Okawaru
Zin
The Shining One


Message History

You kill the orc!
Your Fighting skill increases to level 1!
Flames lash the orc.
The orc is heavily wounded.
The orc's fire resistance burns away.
Flames lash the black bear.
The black bear is moderately wounded.
The black bear's fire resistance burns away.
The black bear bites you. The black bear closely misses you.
The black bear claws you.
Flames lash the orc wizard.
The orc wizard is severely wounded.
The orc wizard's fire resistance burns away.
The black bear bites you.
The black bear claws you but does no damage.
The black bear claws you. The orc attacks as you move away!
The orc hits you but does no damage.
The orc is no longer more vulnerable to fire.
The black bear attacks as you move away!
The black bear bites you but does no damage.
The black bear claws you. The black bear barely misses you.
The orc attacks as you move away! The orc completely misses you.
The black bear is no longer more vulnerable to fire.
The black bear attacks as you move away!
The black bear bites you.
* * * LOW HITPOINT WARNING * * *
The black bear claws you.
* * * LOW HITPOINT WARNING * * *
The black bear closely misses you.
The orc wizard is no longer more vulnerable to fire.
Okay, then.
As you read the scroll labelled JUBUF HEQ VINN, it crumbles to dust.
You feel strangely unstable.
It was a scroll of teleportation.
The black bear closely misses you. x2; The black bear claws you.
* * * LOW HITPOINT WARNING * * *
The black bear attacks as you move away!
The black bear barely misses you. The black bear claws you.
* * * LOW HITPOINT WARNING * * *
The black bear claws you.
You die...

.#### #....## #######
.....####.....##
#.....#...##..##
#.......####..# ##.=...##
##.. ##.....# #..
#..######)....## ##[
#.....@hoo....# ##.
##....≈≈§≈§§≈.# ##..
###.≈≈§§§≈...# #..#
##..§§§o....8.# #.##
#..#.§§§≈≈≈...# ##.#
##..#..≈≈≈≈≈≈§.# #..#
###..............# #..##
##......##..############...
#..###..##.## ###...# ##.)


You could see a black bear, an orc wizard and 2 orcs.

Vanquished Creatures
  An orc priest (D:4)
  A hound (D:4)
  An iguana (D:4)
  2 adders
  A dart slug (D:4)
  11 orcs
  6 endoplasms
  2 giant cockroaches
  7 goblins
  8 hobgoblins
  5 jackals
  4 quokkas
  10 ball pythons
  5 bats
  2 frilled lizards (D:3)
  9 kobolds
  2 rats (D:2)
77 creatures vanquished.

Vanquished Creatures (others)
  19 foxfires (D:1)
19 creatures vanquished.

Grand Total: 96 creatures vanquished

Notes
Turn   | Place    | Note
-------+----------+-------------------------------------------
     0 | D:1      | Dartaoz the Deep Elf Fire Elementalist began the quest for
                  | the Orb.
     0 | D:1      | Reached XP level 1. HP: 10/10 MP: 6/6
   225 | D:1      | Reached XP level 2. HP: 15/15 MP: 6/8
   280 | D:1      | Learned a level 2 spell: Scorch
   976 | D:2      | Reached skill level 4 in Fire Magic
  1122 | D:2      | Reached XP level 3. HP: 19/19 MP: 2/9
  1515 | D:2      | Identified the +5 plate armour "Dudeix" {rC+}
  2167 | D:3      | Reached XP level 4. HP: 24/24 MP: 7/10
  3292 | D:4      | Reached skill level 1 in Translocations
  3615 | D:4      | Reached XP level 5. HP: 17/28 MP: 3/12
  3935 | D:4      | Found a staircase to the Ecumenical Temple.
  3971 | D:4      | Found a snail-covered altar of Cheibriados.
  3982 | Temple   | Entered the Ecumenical Temple
  4177 | D:4      | Noticed a black bear
  4180 | D:4      | Reached skill level 1 in Fighting
  4189 | D:4      | Slain by a black bear

Illustrated notes

Levels and vault maps discovered:
D:1:      elethiomel_arrival_infinity_welcomes_careful_drivers, layout_rooms,
          minmay_misc_feat_iff
D:2:      layout_basic
D:3:      layout_basic, serial_rivers, chequers_serial_rivers_micro_e,
          chequers_serial_rivers_micro_a, chequers_serial_rivers_micro_d,
          chequers_serial_rivers_micro_b, chequers_serial_rivers_room_b
D:4:      layout_layer_cave, nicolae_overflow_hidden_temple,
          mainiacjoe_overflow_catwalk, minmay_temple_entry_wispy
Temple:   nicolae_temple_stand_before_the_council

Skill      XL: |  1  2  3  4  5 |
---------------+----------------+-----
Conjurations   | 2 3 |  3.4
Fire Magic     | 4 |  4.7
Translocations | 1 |  1.5
Stealth        | 3 |  3.2
Fighting       | 1 |  1.0
Dodging        | |  2.4
Spellcasting   | |  3.6

Action                     |  1- 3 |  4- 6 || total
---------------------------+-------+-------++-------
  Melee: Dagger            |    12 |       ||    12
   Fire: Sling             |     3 |       ||     3
   Cast: Foxfire           |    10 |       ||    10
         Scorch            |    39 |    50 ||    89
    Use: Scroll            |       |     1 ||     1
 Armour: Robe              |     4 |     3 ||     7
  Dodge: Dodged            |    17 |     8 ||    25

Table legend: (Time is in decaauts)
 A = Elapsed time spent in this place.
 B = Non-inter-level travel time spent in this place.
 C = Inter-level travel time spent in this place.
 D = Time resting spent in this place.
 E = Time spent auto-exploring this place.
 F = Levels seen in this place.
 G = Mean time per level.
                   A        B        C        D        E       F      G
               +--------+--------+--------+--------+--------+-----+--------+
         Total |   4194 |   4112 |     82 |      0 |   3700 |   5 |  838.8 |
       Dungeon |   4170 |   4097 |     73 |      0 |   3689 |   4 | 1042.5 |
        Temple |     23 |     14 |      9 |      0 |     11 |   1 |   23.0 |
               +--------+--------+--------+--------+--------+-----+--------+

Top non-repeatable levels by time:
     D:3: 1319 daAuts
     D:2: 1086 daAuts
     D:1: 884 daAuts
     D:4: 880 daAuts
  Temple: 23 daAuts
